 Dungeon Crawl Stone Soup version 0.29.1-15-g9cfb28693d (webtiles) character file.

Game seed: 17484123985108592083

65 leetdood the Stinger (level 4, -2/36 HPs)
             Began as a Naga Venom Mage on Mar 9, 2023.
             Slain by an orc warrior
             ... wielding a +0 short sword of flaming
              (8 damage)
             ... on level 3 of the Dungeon.
             The game lasted 00:11:32 (2591 turns).

leetdood the Stinger (Naga Venom Mage)              Turns: 2591, Time: 00:11:33

Health: -2/36      AC:  3    Str:  9 (10) XL:     4   Next: 14%
Magic:  4/7        EV: 10    Int: 15 (17) God:
Gold:   142        SH:  0    Dex:  9 (12) Spells: 6/7 levels left

rFire   . . .      SeeInvis +   (no weapon)
rCold   . . .      Faith    +   (no shield)
rNeg    . . .      Spirit   .   a - +0 robe
rPois   +          Reflect  .   (no helmet)
rElec   .          Harm     .   (no cloak)
rCorr   .          Rampage  .   e - +0 pair of gloves
Will    +....                   (no barding)
Stlth   ++........              l - amulet of faith
HPRegen 0.12/turn               d - ring of willpower
MPRegen 0.10/turn               (no ring)

@: about to teleport, attractive, very slightly contaminated, very slow
A: AC +1, large, see invisible, deformed body, poison resistance, slowness 2,
spit poison 1, naga tail 1
a: Spit Poison


You were on level 3 of the Dungeon.
You visited 1 branch of the dungeon, and saw 3 of its levels.

You collected 142 gold pieces.

Inventory:

Missiles
 h - 8 poisoned darts
Armour
 a - a +0 robe (worn)
 e - a +0 pair of gloves (worn)
Jewellery
 d - a ring of willpower (left hand)
 l - an amulet of faith (around neck)
Scrolls
 i - a scroll of amnesia
 j - a scroll of identify
Potions
 b - 2 potions of magic
 f - a potion of cancellation {unknown}
 g - a potion of curing


   Skills:
 + Level 2.0 Dodging
 + Level 3.5 Stealth
 + Level 2.4 Spellcasting
 + Level 2.0 Transmutations
 + Level 4.8 Poison Magic


You had 6 spell levels left.
You knew the following spells:

 Your Spells              Type           Power      Damage    Failure   Level
a - Sting                 Tmut/Pois      48%        1d5       5%          1

Your spell library contained the following spells:

 Spells                   Type           Power      Damage    Failure   Level
 Poisonous Vapours        Pois/Air       18%        N/A       12%         2
 Olgreb's Toxic Radiance  Pois           16%        N/A       28%         4
 Mephitic Cloud           Conj/Pois/Air  6%         N/A       32%         3


Dungeon Overview and Level Annotations

Branches:
Dungeon (3/15)

Altars:


Innate Abilities, Weirdness & Mutations

Your serpentine skin is tough. (AC +1)
You have supernaturally acute eyesight. (SInv)
Armour fits poorly on your strangely shaped body.
Your system is resistant to poisons. (rPois)
You cover ground very slowly.
You can spit poison.
You have a snake-like lower body.


Message History

Aim: an orc warrior, wielding a +0 short sword of flaming and wearing a +0 chain mail (68% to hit)
The sting hits the orc warrior.
The orc warrior is poisoned.
The orc warrior is lightly wounded.
The orc warrior hits you with a +0 short sword of flaming.
The orc warrior burns you.
Aiming: Sting (safe; 4% risk of failure)
Press: ? - help, Q - select action, (/) - cycle Shift-Dir - straight line, f/p - orc warrior
Aim: an orc warrior, wielding a +0 short sword of flaming and wearing a +0 chain mail (lightly wounded, poisoned, 68% to hit)
The sting hits the orc warrior.
The orc warrior looks even sicker.
The orc warrior is lightly wounded.
The orc warrior hits you with a +0 short sword of flaming!
The orc warrior burns you!
* * * LOW HITPOINT WARNING * * *
An orc comes into view. It is wielding a +0 club.
The orc shouts!
It was a potion of degeneration.
There was something very wrong with that liquid.
You feel weakened.
You feel dopey.
You feel clumsy.
You have got your breath back.
You hear a shout!
You hear an angry hiss.
The orc warrior hits you but does no damage.
It was a potion of attraction.
You feel attractive to monsters. The orc warrior closely misses you.
An orc wizard comes into view. It is wielding a +0 dagger.
An orc comes into view. It is wielding a +0 war axe.
The orc wizard is attracted toward you. The orc is attracted toward you.
Okay, then.
As you read the scroll labelled GUETOUBIYSELE, it crumbles to dust.
It is a scroll of amnesia.
Really abort (and waste the scroll)?
Okay, then.
The orc warrior closely misses you. The orc hits you with a +0 club.
* * * LOW HITPOINT WARNING * * *
The orc wizard casts a spell.
The orc wizard flickers and vanishes for a moment.
As you read the scroll labelled AZXAGIUMNI, it crumbles to dust.
You feel strangely unstable.
It was a scroll of teleportation.
The orc warrior hits you with a +0 short sword of flaming!
You die...

# #. #.# .## #.# ยง.
#.# #o #.# #o######
#.# #o@....# #.#
######.# #.# ##.####.#
########.......#######
#.....................
#.######.##.##########
.##.####.######.##.# #
.......<........##.# #
.##############.##.# #


You could see an orc warrior (poisoned), an orc wizard (invisible) and an orc.

Vanquished Creatures
  2 adders
  2 dart slugs
  An orc (D:2)
  6 ball pythons
  A bat (D:1)
  5 endoplasms
  A giant cockroach (D:2)
  6 goblins
  3 hobgoblins
  2 quokkas
  4 frilled lizards
  3 kobolds
  3 rats
39 creatures vanquished.

Notes
Turn   | Place    | Note
-------+----------+-------------------------------------------
     0 | D:1      | leetdood the Naga Venom Mage began the quest for the Orb.
     0 | D:1      | Reached XP level 1. HP: 15/15 MP: 3/3
   563 | D:1      | Reached XP level 2. HP: 22/22 MP: 5/5
  1084 | D:1      | Reached XP level 3. HP: 10/28 MP: 0/6
  2070 | D:2      | Reached XP level 4. HP: 34/36 MP: 0/7
  2295 | D:2      | Found a faded altar of an unknown god.
  2583 | D:3      | Noticed an orc warrior
  2591 | D:3      | Slain by an orc warrior

Illustrated notes

Levels and vault maps discovered:
D:1:      moated_graveyard_arrival, layout_basic
D:2:      layout_loops_ring, shapermc_ecumenical_altar_hornbeckon,
          minmay_fractal_squares_gapless_5
D:3:      minmay_octagon_keep, layout_loops_ring, minivault_26

Skill      XL: |  1  2  3  4 |
---------------+-------------+-----
Dodging        | 2 |  2.0
Transmutations | 2 |  2.0
Stealth        | |  3.5
Spellcasting   | |  2.4
Poison Magic   | |  4.8

Action                   |  1- 3 |  4- 6 || total
-------------------------+-------+-------++-------
Throw: Dart              |       |     4 ||     4
 Cast: Sting             |    46 |    10 ||    56
 Abil: Spit Poison       |    28 |     6 ||    34
  Use: Scroll            |     1 |     2 ||     3
       Potion            |     1 |     2 ||     3
Armor: Robe              |     6 |     2 ||     8
Dodge: Dodged            |    16 |     8 ||    24
